 Dungeon Crawl Stone Soup version 0.21-a0-421-gfc1ce30 (webtiles) character file.

341 sober the Firebug (level 6, 0/32 HPs)
             Began as a Deep Elf Fire Elementalist on Nov 4, 2017.
             Slain by an orc wizard
             ... wielding a +0 dagger
              (3 damage)
             ... on level 4 of the Dungeon.
             The game lasted 00:37:11 (5193 turns).

sober the Firebug (Deep Elf Fire Elementalist)      Turns: 5193, Time: 00:37:14

Health: 0/32       AC:  4    Str:  6    XL:     6   Next: 30%
Magic:  0/12       EV: 11    Int: 21    God:
Gold:   169        SH:  0    Dex: 15    Spells: 5/11 levels left

rFire    x . .     SeeInvis .   K - +2 short sword (speed)
rCold    + . .     Gourm    .   (no shield)
rNeg     . . .     Faith    .   B - +0 leather armour
rPois    .         Spirit   +   (no helmet)
rElec    .         Reflect  .   m - +0 cloak
rCorr    .         Harm     .   (no gloves)
MR       .....                  (no boots)
Stlth    +.........             t - amulet of guardian spirit
HPRegen  0.10/turn              n - ring of ice
MPRegen  0.13/turn              v - ring of wizardry

@: heavily drained
A: no striking features
a: no special abilities


You were on level 4 of the Dungeon.
You were not hungry.

You visited 1 branch of the dungeon, and saw 5 of its levels.

You collected 169 gold pieces.

Inventory:

Hand Weapons
 u - a +0 hunting sling
 K - a +2 short sword of speed (weapon)
Missiles
 g - 5 needles of frenzy
 h - 9 needles of confusion
 k - 100 stones
 l - 11 javelins (quivered)
 E - 29 poisoned needles
 J - 7 sling bullets
Armour
 a - a +0 robe
 m - a +0 cloak (worn)
 B - a +0 leather armour (worn)
Jewellery
 d - an uncursed amulet of faith
 n - a ring of ice (left hand)
 r - an uncursed amulet of harm
 t - an amulet of guardian spirit (around neck)
 v - a ring of wizardry (right hand)
 y - an uncursed amulet of faith
Scrolls
 e - 3 scrolls of noise {unknown}
 i - 4 scrolls of identify
 o - a scroll of enchant weapon {unknown}
 p - a scroll of recharging {unknown}
 s - a scroll of magic mapping
 x - 2 scrolls of remove curse
 C - a scroll of fear {unknown}
 G - 2 scrolls of blinking
 H - 2 scrolls of teleportation {unknown}
Potions
 j - a potion of curing
 w - a potion of resistance {unknown}
 z - a potion of lignification {unknown}
Books
 b - a book of Flames

   Spells                             Type                      Level
   a - Flame Tongue                   Conjuration/Fire             1
   b - Throw Flame                    Conjuration/Fire             2
   c - Conjure Flame                  Conjuration/Fire             3
   d - Inner Flame                    Hexes/Fire                   3
   e - Sticky Flame                   Conjuration/Fire             4
   f - Fireball                       Conjuration/Fire             5
Comestibles
 c - 4 bread rations
 f - a meat ration
 q - a royal jelly


   Skills:
 + Level 1.7(0.3) Short Blades
 + Level 1.7(0.3) Armour
 - Level 2.4(0.9) Dodging
 - Level 2.4(0.9) Stealth
 - Level 3.0(1.5) Spellcasting
 - Level 1.1(0.0) Conjurations
 * Level 7.0(5.3) Fire Magic


You had 5 spell levels left.
You knew the following spells:

 Your Spells              Type           Power        Failure   Level  Hunger
a - Flame Tongue          Conj/Fire      ##...        3%          1    #......
b - Throw Flame           Conj/Fire      ##....       4%          2    ###....
c - Conjure Flame         Conj/Fire      ##......     10%         3    ###....


Dungeon Overview and Level Annotations

Branches:
Dungeon (5/15)
 Temple: D:4-7

Altars:
Hepliaklqana
Nemelex Xobeh
Xom
Yredelemnul


Message History

Throwing (i - inventory. (,) - cycle):
l - 13 javelins (quivered)
Press: ? - help, Shift-Dir - straight line, f/p - orc
Aim: an orc, wielding a dagger and wearing a chain mail (severely wounded)
You throw a javelin. The javelin barely misses the orc.
Something hits you but does no damage.
You hear some strange, mumbled words.
A magic dart appears from out of thin air!
The magic dart hits you!
An orc comes into view. It is wielding a hand axe.
Throwing (i - inventory. (,) - cycle):
l - 12 javelins (quivered)
Press: ? - help, Shift-Dir - straight line, f/p - orc
Aim: an orc, wielding a dagger and wearing a chain mail (severely wounded)
You throw a javelin. The javelin hits the orc!
You kill the orc!
Something hits you.
* * * LOW HITPOINT WARNING * * *
Something hits you.
* * * LOW HITPOINT WARNING * * *
Something hits you.
You die...

######### #(......#
#...<...# #.......#
#......$# ###..####
#(.Z(.@###
#..#.#...####
o....#..##....# .
#..Z.###.##....#####..
... #..#.#......#.# #.
##.......>).#.# #
###........#.#
#.#........#
...######..####..


You could see a leopard gecko skeleton.

Vanquished Creatures
  A hound (D:4)
  2 orc wizards
  2 worker ants
  Robin (D:3)
  3 gnolls (D:4)
  4 adders
  An adder skeleton (D:4)
  4 worms
  4 dart slugs
  4 leopard geckos
  15 orcs
  3 giant cockroaches
  12 goblins
  12 hobgoblins
  A jackal (D:3)
  A quokka (D:4)
  6 bats
  4 frilled lizards
  12 kobolds
  7 rats
99 creatures vanquished.

Notes
Turn   | Place    | Note
-------+----------+-------------------------------------------
     0 | D:1      | sober the Deep Elf Fire Elementalist began the quest for the Orb.
     0 | D:1      | Reached XP level 1. HP: 10/10 MP: 6/6
   175 | D:1      | Reached skill level 4 in Fire Magic
   175 | D:1      | Reached XP level 2. HP: 15/15 MP: 5/8
   780 | D:2      | Reached XP level 3. HP: 15/19 MP: 4/9
   966 | D:2      | Reached skill level 5 in Fire Magic
  1632 | D:2      | Reached XP level 4. HP: 24/24 MP: 7/10
  1701 | D:2      | Found a shimmering altar of Xom.
  1992 | D:3      | Learned a level 2 spell: Throw Flame
  1996 | D:3      | Learned a level 3 spell: Conjure Flame
  2580 | D:3      | Reached skill level 6 in Fire Magic
  3156 | D:3      | Found a basalt altar of Yredelemnul.
  3159 | D:3      | Upgraded the game from 0.21-a0-417-g0adc95b to 0.21-a0-421-gfc1ce30
  3159 | D:3      | Found a hazy altar of Hepliaklqana.
  3161 | D:3      | Found a sparkling altar of Nemelex Xobeh.
  3241 | D:3      | Noticed Robin
  3250 | D:3      | Killed Robin
  3250 | D:3      | Reached XP level 5. HP: 19/28 MP: 0/11
  3671 | D:3      | Reached skill level 1 in Armour
  4122 | D:4      | Reached skill level 1 in Short Blades
  4265 | D:3      | Reached XP level 6. HP: 10/32 MP: 1/12
  5144 | D:5      | Entered Level 5 of the Dungeon
  5144 | D:5      | Noticed a slave
  5144 | D:5      | Noticed a slave
  5144 | D:5      | Noticed a slave
  5146 | D:5      | Noticed a slave
  5186 | D:4      | Reached skill level 7 in Fire Magic
  5193 | D:4      | Slain by an orc wizard

Vault maps used:
D:1:      nicolae_arrival_memento_mori
D:2:      xom_teletrap_fun
D:3:      minitemple, first_bread, minmay_surrounded, uniq_robin
D:4:      marbit_many_paths, minmay_hedge_maze
D:5:      makhleb_altar_promises_db, minmay_temple_entry_trees, uniq_pikel

Skill      XL: |  1  2  3  4  5  6 |
---------------+-------------------+-----
Fire Magic     | 4 5 6 7 |  7.0
Armour         | 1 |  1.7
Short Blades   | 1 |  1.7
Dodging        | |  2.4
Stealth        | |  2.4
Spellcasting   | |  3.0
Conjurations   | |  1.1

Action                   |  1- 3 |  4- 6 || total
-------------------------+-------+-------++-------
Melee: Short sword       |    26 |    22 ||    48
 Fire: Hunting sling     |    13 |    78 ||    91
Throw: Javelin           |       |     9 ||     9
       Stone             |       |     5 ||     5
 Cast: Flame Tongue      |    60 |    98 ||   158
       Throw Flame       |       |    16 ||    16
       Conjure Flame     |       |     1 ||     1
  Use: Potion            |       |     2 ||     2
       Scroll            |       |     4 ||     4
 Stab: Sleeping          |       |     1 ||     1
  Eat: Chunk             |     2 |     3 ||     5
       Meat ration       |       |     1 ||     1
       Bread ration      |       |     1 ||     1
Armor: Robe              |    16 |     6 ||    22
       Leather armour    |       |    20 ||    20
Dodge: Dodged            |    55 |    59 ||   114

Table legend:
 A = Spawn XP
 B = Non-spawn XP
 C = Spawn XP percentage of total XP
 D = Spawn monster count
 E = Non-spawn monster count
 F = Spawn count percentage of total count
 G = Total turns spent on level
                    A         B        C        D         E        F      G
               +---------+---------+-------+---------+---------+-------+---------
         Total |       0 |     488 |   0.0 |       0 |      99 |   0.0 |  5193
               +---------+---------+-------+---------+---------+-------+---------
           D:1 |       0 |      34 |   0.0 |       0 |      21 |   0.0 |   763
           D:2 |       0 |      72 |   0.0 |       0 |      21 |   0.0 |  1280
           D:3 |       0 |     194 |   0.0 |       0 |      45 |   0.0 |  2757
           D:4 |       0 |     188 |   0.0 |       0 |      12 |   0.0 |   391
               +---------+---------+-------+---------+---------+-------+---------
